 Dungeon Crawl Stone Soup version 0.21.1-1-g345015f (webtiles) character file.

13216 inc the Thaumaturge (level 11, 0/52 HPs)
             Began as a Felid Wizard on Feb 23, 2018.
             Was a High Priest of Kikubaaqudgha.
             Slain by a meliai
             ... wielding a cursed -1 war axe
              (10 damage)
             ... on level 4 of the Lair of Beasts.
             The game lasted 01:07:00 (24175 turns).

inc the Thaumaturge (Felid Wizard)                 Turns: 24175, Time: 01:07:01

Health: 0/52       AC:  3    Str:  3    XL:     11   Next: 72%
Magic:  21/35      EV: 17    Int: 25    God:    Kikubaaqudgha [*****.]
Gold:   922        SH:  0    Dex: 14    Spells: 8/30 levels left
                                        Lives:  0   Deaths: 3

rFire    . . .     SeeInvis +     - Unarmed
rCold    + . .     Gourm    .   (shield unavailable)
rNeg     . . .     Faith    .   (armour unavailable)
rPois    .         Spirit   .   (helmet unavailable)
rElec    .         Reflect  .   (cloak unavailable)
rCorr    .         Harm     .   (gloves unavailable)
MR       +....                  (boots unavailable)
Stlth    +++.......             (no amulet)
HPRegen  0.17/turn              f - ring of magical power
MPRegen  0.24/turn              q - ring of wizardry

@: quick
A: very small, no armour, no weapons or thrown items, stealth, claws 1, fangs 3,
see invisible, carnivore, speed 1, shaggy fur 3, slow metabolism 1, sharp paws
a: Receive Corpses, Torment, Renounce Religion


You were on level 4 of the Lair of Beasts.
You worshipped Kikubaaqudgha.
Kikubaaqudgha was extremely pleased with you.
You were not hungry.

You visited 3 branches of the dungeon, and saw 19 of its levels.
You also visited: Labyrinth and Sewer.

You collected 922 gold pieces.

Inventory:

Jewellery
 c - an uncursed ring of stealth
 f - a ring of magical power (left paw)
 q - a ring of wizardry (right paw)
 v - an uncursed ring of resist corrosion
 w - an uncursed ring of protection from cold
 z - a +1 ring of evasion
 J - a +3 ring of evasion
 O - an uncursed ring of see invisible
 P - a -3 ring of dexterity
 R - an uncursed ring of poison resistance
 S - the ring "Fuecej" {Fire rElec MR+ Str+8 Int-4, unknown}
   (You found it on level 5 of the Lair of Beasts)

   [ring of fire]

   It enhances your fire magic.
   It affects your strength (+8).
   It affects your intelligence (-4).
   It protects you from fire.
   It makes you vulnerable to cold.
   It insulates you from electricity.
   It affects your resistance to hostile enchantments.
 W - a +4 ring of strength {unknown}
Wands
 m - a wand of digging (17)
 x - a wand of flame (67)
 B - a wand of iceblast (29)
 F - a wand of clouds (4)
 K - a wand of acid (10)
 Q - a wand of enslavement (11)
 V - a wand of random effects (19)
Scrolls
 d - 8 scrolls of teleportation
 e - a scroll of noise {unknown}
 h - 4 scrolls of enchant armour
 k - a scroll of silence {unknown}
 l - 2 scrolls of magic mapping
 o - a scroll of blinking
 p - a scroll of acquirement {unknown}
 r - 4 scrolls of amnesia
 t - 5 scrolls of fog {unknown}
 y - 4 scrolls of enchant weapon {unknown}
 H - 2 scrolls of remove curse
 T - 4 scrolls of identify
 U - 2 scrolls of random uselessness {unknown}
 X - a scroll of summoning {unknown}
 Y - a scroll of vulnerability {unknown}
Potions
 g - 3 potions of curing
 i - 4 potions of flight
 j - 5 potions of haste
 n - 3 potions of magic
 u - 2 potions of lignification
 A - 5 potions of might
 D - a potion of ambrosia
 E - 2 potions of invisibility
 G - a potion of berserk rage
 I - a potion of agility {unknown}
 L - a potion of mutation
Books
 a - a book of Minor Magic

   Spells                             Type                      Level
   a - Magic Dart                     Conjuration                  1
   b - Blink                          Translocation                2
   c - Call Imp                       Summoning                    2
   d - Slow                           Hexes                        2
   e - Conjure Flame                  Conjuration/Fire             3
   f - Mephitic Cloud                 Conjuration/Poison/Air       3
 s - Kikubaaqudgha's Incunabulum of Evil
   (Kikubaaqudgha gifted it to you on level 5 of the Dungeon)

   Spells                             Type                      Level
   a - Pain                           Necromancy                   1
   b - Corpse Rot                     Necromancy                   2
   c - Sublimation of Blood           Necromancy                   2
   d - Vampiric Draining              Necromancy                   3
 C - Kikubaaqudgha's Grimoire of Evil Rituals
   (Kikubaaqudgha gifted it to you on level 9 of the Dungeon)

   Spells                             Type                      Level
   a - Bolt of Draining               Conjuration/Necromancy       5
   b - Borgnjor's Vile Clutch         Necromancy/Earth             5
   c - Agony                          Necromancy                   5
   d - Dispel Undead                  Necromancy                   5
   e - Simulacrum                     Ice/Necromancy               6
 M - a book of Fire

   Spells                             Type                      Level
   a - Ignite Poison                  Fire/Transmutation/Poison    3
   b - Fireball                       Conjuration/Fire             5
   c - Bolt of Fire                   Conjuration/Fire             6
   d - Ring of Flames                 Charms/Fire                  7
   e - Ignition                       Fire                         8
 N - a Necronomicon

   Spells                             Type                      Level
   a - Haunt                          Necromancy/Summoning         7
   b - Borgnjor's Revivification      Necromancy                   8
   c - Death's Door                   Charms/Necromancy            8
   d - Infestation                    Necromancy                   8
   e - Necromutation                  Transmutation/Necromancy     8
Comestibles
 b - 12 rations


   Skills:
 - Level 8.5 Fighting
 - Level 2.7 Dodging
 - Level 4.2 Stealth
 - Level 2.2 Unarmed Combat
 - Level 10.4 Spellcasting
 - Level 9.0 Conjurations
 - Level 1.0 Summonings
 + Level 10.0 Necromancy
   Level 1.5 Translocations
 - Level 9.8 Earth Magic


You had 8 spell levels left.
You knew the following spells:

 Your Spells              Type           Power        Failure   Level  Hunger
a - Magic Dart            Conj           ####         1%          1    None
b - Call Imp              Summ           ###.....     1%          2    None
c - Mephitic Cloud        Conj/Pois/Air  ####....     1%          3    None
d - Pain                  Necr           ####         1%          1    None
e - Vampiric Draining     Necr           ######....   1%          3    None
f - Bolt of Draining      Conj/Necr      ######....   1%          5    ####...
g - Borgnjor's Vile Clut  Necr/Erth      ######....   1%          5    ####...
h - Sublimation of Blood  Necr           ######....   1%          2    None


Dungeon Overview and Level Annotations

Branches:
Dungeon (12/15)            Temple (1/1) D:4            Lair (6/6) D:11
  Snake (0/4) Lair:4        Slime (0/5) Lair:6
  Swamp: Lair:2-4    Shoals: Lair:2-4       Orc: D:9-12

Altars:
Ashenzari
Cheibriados
Dithmenos
Elyvilon
Fedhas
Gozag
Hepliaklqana
Kikubaaqudgha
Makhleb
Nemelex Xobeh
Okawaru
Qazlal
Ru
Sif Muna
Trog
Uskayaw
Vehumet
Wu Jian
Yredelemnul
Zin
The Shining One

Shops:
D:2 *

Annotations:
D:3 2 transporters, Grinder
D:6 Menkaure
Lair:5 exclusion: 2 oklob plants, Pereza0's ghost, journeyman GnWn


Innate Abilities, Weirdness & Mutations

You cannot wear armour.
You are incapable of wielding weapons or throwing items.
Your paws allow you to move quietly. (Stealth)
You have sharp claws.
You have razor-sharp teeth.
You have supernaturally acute eyesight. (SInv)
You are carnivorous and can eat meat at any time.
You cover ground quickly.
Your thick and shaggy fur keeps you warm. (AC +3, rC+)
You have a slow metabolism.
Your sharp claws are effective at attacking unaware monsters.


Message History

You climb upwards.
The meliai hits you with a cursed -1 war axe!
The meliai stings you.
* * * LOW HITPOINT WARNING * * *
The meliai misses you. The meliai closely misses you.
A killer bee comes into view.
There is a stone staircase leading down, spattered with blood here.
You see here the felid skeleton of inc.
Casting: Bolt of Draining
Confirm with . or Enter, or press ? or * to list all spells.
Aiming: Magic Dart
Press: ? - help, Shift-Dir - straight line, f - meliai
Aim: a meliai, wielding a -1 war axe and wearing a robe (lightly drained)
The magic dart hits the meliai.
The meliai is lightly wounded.
The meliai hits you with a cursed -1 war axe.
* * * LOW HITPOINT WARNING * * *
The meliai misses you. The meliai closely misses you. The meliai stings you!
You die...
Kikubaaqudgha rasps: "You have failed me!
Welcome... death!"

##.# ##.. >...
##...##### .....
.........## .....
..........## ......
..........y####..[...
...........P.....[...
.........#..y@.......
..........#####......
.........## ......
###....#..# ##.#.
##.###..# .# #
#.#...## # #..#'##.P#
............#
............##


You could see a meliai and a killer bee.

Vanquished Creatures
  A minotaur (Lab)
  Harold (Lair:1)
  Erica (D:11)
  6 two-headed ogres
  An unseen horror (D:10)
  A lindwurm (Lair:5)
  An elephant (Lair:2)
  A cyclops (D:11)
  2 black mambas
  10 spiny frogs
  The ghost of inc the Nimble, a novice FeCK of Xom (D:9)
  A komodo dragon (Lair:3)
  A polar bear (Lair:4)
  2 trolls
  Prince Ribbit (Lair:3)
  A meliai (Lair:4)
  9 blink frogs
  6 dream sheep (Lair:4)
  4 hippogriffs
  2 slime creatures (D:12)
  A shadow (D:11)
  A spriggan (D:8)
  11 yaks
  3 wyverns
  A steam dragon (Lair:3)
  3 basilisks
  An acid dragon (D:8)
  7 water moccasins
  18 porcupines
  4 orc warriors
  An ice beast (D:8)
  2 black bears
  A hornet zombie (D:8)
  An eye of draining (D:9)
  3 phantoms
  6 ogres
  4 wolves
  3 centaurs
  7 crocodiles
  16 bullfrogs
  A water moccasin zombie (D:9)
  A scorpion (D:8)
  3 killer bees (D:11)
  4 wights (D:7)
  A howler monkey (D:10)
  8 jellies
  3 electric eels (D:7)
  7 crimson imps
  A centaur zombie (D:8)
  A lava snake (Lair:2)
  4 bullfrog zombies
  A quasit (D:9)
  3 hounds
  3 orc priests
  2 centaur skeletons
  A bullfrog skeleton (D:9)
  An iguana (D:10)
  2 worker ants
  9 orc wizards
  2 worker ant zombies
  6 gnolls
  12 adders
  3 shadow imps
  2 oozes (Lair:6)
  A worm (D:3)
  2 dart slugs
  2 leopard geckos
  36 orcs
  2 ball pythons
  6 bats
  4 giant cockroaches
  5 goblins
  8 hobgoblins
  17 jackals
  5 quokkas
  5 frilled lizards
  A jackal skeleton (D:7)
  12 kobolds
  8 rats
  3 plants (Sewer)
345 creatures vanquished.

Vanquished Creatures (collateral kills)
  An ogre (D:4)
  Terence (D:3)
2 creatures vanquished.

Vanquished Creatures (others)
  13 fungi
  17 plants
30 creatures vanquished.

Grand Total: 377 creatures vanquished

Notes
Turn   | Place    | Note
-------+----------+-------------------------------------------
     0 | D:1      | inc the Felid Wizard began the quest for the Orb.
     0 | D:1      | Reached XP level 1. HP: 7/7 MP: 5/5
    23 | D:1      | Reached skill level 1 in Conjurations
   323 | D:1      | Reached skill level 1 in Unarmed Combat
   444 | D:1      | Reached XP level 2. HP: 11/11 MP: 1/7
  1105 | D:2      | Found Zin's Purification Station.
  1108 | D:2      | Found a glowing silver altar of Zin.
  1434 | D:2      | Reached XP level 3. HP: 14/14 MP: 8/8
  1438 | D:2      | Learned a level 2 spell: Call Imp
  1442 | D:2      | Learned a level 3 spell: Mephitic Cloud
  1496 | D:2      | Noticed a bullfrog
  1505 | D:2      | Killed a bullfrog
  1505 | D:2      | Reached XP level 4. HP: 15/18 MP: 9/9
  1798 | D:3      | Noticed Grinder
  1893 | D:4      | Found a staircase to the Ecumenical Temple.
  1900 | D:4      | Noticed an ogre
  1909 | Temple   | Entered the Ecumenical Temple
  2194 | Temple   | Became a worshipper of Kikubaaqudgha
  2300 | D:4      | Killed an ogre
  2300 | D:4      | Reached XP level 5. HP: 21/21 MP: 10/10
  2561 | D:4      | Found a glowing drain.
  2565 | Sewer    | Entered a sewer
  3249 | Sewer    | Gained mutation: You are covered in thick fur. (AC +2) [Felid growth]
  3249 | Sewer    | Reached XP level 6. HP: 19/24 MP: 11/11
  3399 | Sewer    | Reached skill level 5 in Conjurations
  4014 | D:5      | Entered Level 5 of the Dungeon
  4258 | D:5      | Reached * piety under Kikubaaqudgha
  4258 | D:5      | Identified Kikubaaqudgha's Incunabulum of Evil (Kikubaaqudgha gifted it to you on level 5 of the Dungeon)
  4258 | D:5      | Received a gift from Kikubaaqudgha
  4262 | D:5      | Learned a level 1 spell: Pain
  4583 | D:3      | Found a transporter.
  4716 | D:3      | Found a transporter.
  4779 | D:3      | Reached skill level 1 in Necromancy
  4955 | D:3      | Reached XP level 7. HP: 27/27 MP: 13/13
  5013 | D:3      | Noticed Terence
  5093 | D:3      | Killed Terence
  6222 | D:6      | Noticed Menkaure
  6606 | D:6      | HP: 1/27 [centaur/arrow (6)]
  6924 | D:5      | Learned a level 3 spell: Vampiric Draining
  6935 | D:6      | Reached skill level 5 in Necromancy
  7051 | D:7      | Found a snail-covered altar of Cheibriados.
  7344 | D:7      | Reached XP level 8. HP: 10/31 MP: 6/14
  7625 | D:7      | Found an opulent altar of Gozag.
  7625 | D:7      | Found a bloodstained altar of Trog.
  7626 | D:7      | Found a basalt altar of Yredelemnul.
  7914 | D:7      | Reached ** piety under Kikubaaqudgha
  8764 | D:8      | Reached skill level 1 in Fighting
  9377 | D:8      | Noticed a troll
  9435 | D:8      | Slain by a troll
  9436 | D:8      | Reached XP level 7. HP: 0/30 MP: 6/22
  9530 | D:8      | Noticed a spriggan
  9566 | D:8      | Killed a spriggan
  9566 | D:8      | Reached XP level 8. HP: 26/36 MP: 2/14
  9693 | D:8      | Killed a troll
  9693 | D:8      | Reached skill level 5 in Fighting
 10490 | D:8      | Found a radiant altar of Vehumet.
 10691 | D:8      | Reached XP level 9. HP: 36/43 MP: 0/15
 10844 | D:9      | Noticed inc's ghost (novice FeCK)
 10855 | D:9      | Killed inc's ghost
 11012 | D:9      | Reached *** piety under Kikubaaqudgha
 11012 | D:9      | Identified Kikubaaqudgha's Grimoire of Evil Rituals (Kikubaaqudgha gifted it to you on level 9 of the Dungeon)
 11012 | D:9      | Received a gift from Kikubaaqudgha
 11024 | D:9      | Learned a level 5 spell: Bolt of Draining
 11338 | D:9      | Noticed a two-headed ogre
 11353 | D:9      | Killed a two-headed ogre
 11746 | D:9      | Noticed a two-headed ogre
 11750 | D:9      | Killed a two-headed ogre
 11969 | D:9      | Reached XP level 10. HP: 49/49 MP: 9/16
 12141 | D:9      | Found a shattered altar of Ashenzari.
 12256 | D:9      | Noticed a two-headed ogre
 12266 | D:9      | Killed a two-headed ogre
 12617 | D:7      | Reached skill level 5 in Spellcasting
 13368 | D:10     | Entered Level 10 of the Dungeon
 13718 | D:10     | Noticed a gargoyle
 14020 | D:10     | Learned a level 5 spell: Borgnjor's Vile Clutch
 14210 | D:10     | Noticed a two-headed ogre
 14218 | D:10     | Killed a two-headed ogre
 14234 | D:10     | Noticed an unseen horror
 14236 | D:10     | Killed an unseen horror
 14335 | D:10     | Noticed a two-headed ogre
 14348 | D:10     | Killed a two-headed ogre
 14618 | D:11     | Noticed Erica
 14630 | D:10     | Reached XP level 11. HP: 28/52 MP: 1/20
 14875 | D:11     | Reached skill level 5 in Earth Magic
 15186 | D:11     | Reached **** piety under Kikubaaqudgha
 15584 | D:11     | Found a staircase to the Lair.
 15631 | D:11     | HP: 2/52 [Erica/bolt of poison (8)]
 15632 | D:11     | Killed from afar by Erica
 15633 | D:11     | Reached XP level 10. HP: 0/49 MP: 2/28
 15643 | D:11     | Killed Erica
 16237 | D:11     | Noticed a two-headed ogre
 16254 | D:11     | Killed a two-headed ogre
 16356 | D:11     | Noticed a cyclops
 16359 | D:11     | Killed a cyclops
 16581 | Lair:1   | Entered Level 1 of the Lair of Beasts
 16581 | Lair:1   | Noticed a spiny frog
 16584 | Lair:1   | Noticed a spiny frog
 16670 | Lair:1   | Killed a spiny frog
 16671 | Lair:1   | Killed a spiny frog
 16671 | Lair:1   | Reached XP level 11. HP: 22/52 MP: 13/20
 16807 | Lair:1   | Found a labyrinth entrance.
 16873 | Lab      | Entered a labyrinth
 18085 | Lab      | Noticed a minotaur
 18108 | Lab      | Killed a minotaur
 19097 | Lair:1   | Noticed Harold
 19104 | Lair:1   | Killed Harold
 20952 | Lair:3   | Noticed Prince Ribbit
 20955 | Lair:3   | Killed Prince Ribbit
 21203 | Lair:2   | Learned a level 2 spell: Sublimation of Blood
 21600 | Lair:3   | Gained mutation: Your thick and shaggy fur keeps you warm. (AC +3, rC+) [Felid growth]
 21600 | Lair:3   | Reached XP level 12. HP: 56/56 MP: 18/25
 22764 | Lair:4   | Reached skill level 10 in Spellcasting
 22765 | Lair:4   | Found a staircase to the Snake Pit.
 23229 | Lair:5   | Got a vibrating copper ring
 23273 | Lair:5   | Reached ***** piety under Kikubaaqudgha
 23573 | Lair:5   | Noticed Pereza0's ghost (journeyman GnWn)
 23626 | Lair:6   | Entered Level 6 of the Lair of Beasts
 23628 | Lair:6   | Found a staircase to the Slime Pits.
 23905 | Lair:4   | Slain by a meliai
 23906 | Lair:4   | Reached XP level 11. HP: -1/52 MP: 16/35
 24169 | Lair:5   | Killed a lindwurm
 24169 | Lair:5   | Reached skill level 10 in Necromancy
 24175 | Lair:4   | Slain by a meliai

Skill      XL: |  1  2  3  4  5  6  7  8  9 10 11 12 |
---------------+-------------------------------------+-----
Conjurations   | 1 3 4 5 6 8 9 |  9.0
Unarmed Combat | 1 2 |  2.2
Stealth        | 4 |  4.2
Necromancy     | 1 5 7 9 10 | 10.0
Fighting       | 4 7 8 |  8.5
Spellcasting   | 5 8 10 | 10.4
Earth Magic    | 8 9 |  9.8
Dodging        | |  2.7
Summonings     | |  1.0
Translocations | |  1.5

Action                   |  1- 3 |  4- 6 |  7- 9 | 10-12 || total
-------------------------+-------+-------+-------+-------++-------
Melee: Unarmed           |     4 |   211 |    10 |    49 ||   274
       Bite              |     1 |    26 |     3 |     4 ||    34
       Punch             |       |     3 |       |     2 ||     5
 Cast: Magic Dart        |    67 |   146 |   245 |   175 ||   633
       Call Imp          |       |     9 |     2 |       ||    11
       Pain              |       |     4 |   113 |    27 ||   144
       Vampiric Draining |       |       |    83 |    23 ||   106
       Bolt of Draining  |       |       |    11 |   236 ||   247
       Borgnjor's Vile C |       |       |       |     1 ||     1
       Sublimation of Bl |       |       |       |     2 ||     2
  Use: Scroll            |       |     2 |    11 |     7 ||    20
       Potion            |       |     1 |     4 |     7 ||    12
 Stab: Sleeping          |       |     2 |     1 |       ||     3
  Eat: Ration            |       |     2 |     5 |     8 ||    15
       Chunk             |       |     7 |     4 |    68 ||    79
Armor: Skin              |       |     4 |    15 |     6 ||    25
Dodge: Dodged            |    14 |    54 |   193 |   189 ||   450
